 Dungeon Crawl Stone Soup version 0.17-a0-1625-g47e540b (webtiles) character file.

6463 mrath the Cleaver (level 10, -4/88 HPs)
             Began as a Minotaur Fighter on Aug 2, 2015.
             Was an Elder of Okawaru.
             Slain by a bone dragon (10 damage)
             ... on level 1 of the Abyss.
             The game lasted 01:38:54 (11852 turns).

mrath the Cleaver (Minotaur Fighter)               Turns: 11852, Time: 01:38:54

Health: -4/88      AC: 21    Str: 24    XL:     10   Next: 68%
Magic:  13/13      EV: 11    Int:  5    God:    Okawaru [****..]
Gold:   588        SH:  0    Dex: 10    Spells: 0 memorised, 9 levels left

rFire  . . .     SeeInvis .     L - +2 whip (elec)
rCold  . . .     Clarity  .     O - +0 plate armour
rNeg   . . .     SustAt   .     c - +0 shield
rPois  .         Gourm    .     (helmet restricted)
rElec  .         Spirit   .     (no cloak)
rCorr  .         Warding  .     C - +0 pair of gloves
rMut   .         Stasis   .     E - +2 pair of boots
MR     .....                    (no amulet)
Stlth  ..........               (no ring)
                                (no ring)

@: confused, heroism, not resistant to hostile enchantments, extremely
unstealthy
A: retaliatory headbutt, horns 2
a: Heroism, Renounce Religion


You were on level 1 of the Abyss.
You worshipped Okawaru.
Okawaru was greatly pleased with you.
You were not hungry.

You visited 1 branch of the dungeon, and saw 8 of its levels.
You visited the Abyss 1 time.
You also visited: Ossuary.

You collected 588 gold pieces.

Inventory:

Hand weapons
 a - a +0 war axe
 b - a +0 blowgun
 q - a +0 hunting sling
 y - a +2 halberd of chopping
 G - a +1 flail of crushing
 L - a +2 whip of electrocution (weapon)
 M - a +3 flail
 X - a +0 mace of holy wrath
 Y - a +0 flail of protection
Missiles
 f - 45 poisoned needles
 i - 282 stones
 p - 8 tomahawks of dispersal
 x - 18 sling bullets
 B - 3 tomahawks (quivered)
 W - 2 needles of slowing
Armour
 c - a +0 shield (worn)
 v - a +0 robe of cold resistance
 C - a +0 pair of gloves (worn)
 E - a +2 pair of boots (worn)
 O - a +0 plate armour (worn)
Jewellery
 D - a cursed ring of teleportation
Magical devices
 r - a wand of teleportation (3)
 A - a wand of disintegration (9)
 V - a wand of magic darts (25)
Scrolls
 h - 2 scrolls of recharging
 j - a scroll of teleportation
 k - a scroll of identify
 m - 2 scrolls of amnesia {unknown}
 n - 2 scrolls of fog
 o - 2 scrolls of magic mapping
 t - 3 scrolls of remove curse
 F - a scroll of enchant armour {unknown}
 I - 2 scrolls of noise {unknown}
 J - a scroll of blinking {unknown}
 S - a scroll of enchant weapon {unknown}
Potions
 g - 9 potions of curing
 l - a potion of heal wounds
 u - a potion of brilliance
 z - a potion of lignification {unknown}
 H - a potion of resistance {unknown}
 K - 2 potions of flight
 P - 2 potions of haste {unknown}
 Q - a potion of degeneration {unknown}
 R - a potion of agility {unknown}
Books
 s - a book of Debilitation

   Spells                             Type                      Level
   a - Corona                         Hexes                        1
   b - Slow                           Hexes                        2
   c - Gell's Gravitas                Hexes/Translocation          3
   d - Inner Flame                    Hexes/Fire                   3
   e - Cause Fear                     Hexes                        4
   f - Leda's Liquefaction            Hexes/Earth                  4
 N - a book of Beasts

   Spells                             Type                      Level
   a - Summon Butterflies             Summoning                    1
   b - Call Canine Familiar           Summoning                    3
   c - Summon Ice Beast               Ice/Summoning                4
   d - Summon Mana Viper              Hexes/Summoning              5
   e - Summon Hydra                   Summoning                    7
Comestibles
 e - 3 bread rations
 T - a meat ration
 U - 24 fruits


   Skills:
 + Level 7.8(12.8) Fighting
 + Level 10.2(15.2) Axes
 + Level 5.7(10.7) Throwing
 + Level 7.9(12.9) Armour
 + Level 6.0(11.0) Dodging
 + Level 7.6(12.6) Shields
 + Level 5.5 Invocations


You had 9 spell levels left.
You didn't know any spells.

Dungeon Overview and Level Annotations

Branches:
Dungeon (8/15)             Temple (0/1) D:4
   Lair: D:8-11

Altars:
Dithmenos
Gozag
Okawaru
Qazlal
Vehumet
Yredelemnul

Shops:
D:5 [   D:6 *   D:7 ?


Innate Abilities, Weirdness & Mutations

You reflexively headbutt those who attack you in melee.
You have a pair of horns on your head.


Message History

You hold your ground!
The large abomination closely misses you.
Drink which item? (? for menu, Esc to quit)
You feel much better. The bone dragon bites you.
* * * LOW HITPOINT WARNING * * *
The bone dragon claws you.
* * * LOW HITPOINT WARNING * * *
The bone dragon tramples you!
* * * LOW HITPOINT WARNING * * *
You hold your ground!
The large abomination closely misses you.
The bone dragon bites you!
* * * LOW HITPOINT WARNING * * *
The bone dragon barely misses you. The bone dragon tramples you.
* * * LOW HITPOINT WARNING * * *
You stumble backwards!
Unknown command.
The bone dragon completely misses you. The bone dragon barely misses you.
The bone dragon tramples you!
You die...

.# .. # .. ..###.##
...###...#.. ..
#.#.#.....##.#
.....#.#....#
#.#.#.....# ## . .
#.#.@#.# . .. .. #
. #.D#..#.##. .. #.
.##.X##.#...# # .#
#.#....# ...#.#
.#.#.....###.......
.#..#...#..X...#..
..####.#.#.##..# .#
.....# #...#...
#..#.##..
#.#.......


You could see a bone dragon and a large abomination.

Vanquished Creatures
  The ghost of Urgaas the Basher, an experienced DrBe of Trog (D:7)
  Pikel (D:5)
  2 hill giants (D:6)
  A manticore (D:6)
  A deep elf mage (D:6)
  A hungry ghost (D:8)
  Menkaure (D:7)
  A hippogriff (D:7)
  A water moccasin (D:7)
  A chaos spawn (Abyss:1)
  A necrophage (D:5)
  An ice beast (D:7)
  A slave (D:5)
  A sky beast (D:3)
  3 orc warriors
  9 ogres
  2 centaurs (D:7)
  4 giant frogs
  A big kobold (D:8)
  A water moccasin zombie (Ossuary)
  A scorpion (D:4)
  A crimson imp (D:6)
  6 iguanas
  2 centaur zombies
  7 jellies
  7 orc priests
  A giant frog zombie (D:5)
  6 orc wizards
  Jessica (D:3)
  4 worker ants
  4 big kobold zombies (Ossuary)
  2 mummies (Ossuary)
  2 hound skeletons (D:4)
  9 gnolls
  13 adders
  A shadow imp (D:5)
  6 adder zombies
  2 worms
  6 giant geckos
  34 orcs
  3 giant cockroaches
  3 gnoll zombies (Ossuary)
  8 goblins
  6 hobgoblins
  5 quokkas
  4 ball pythons
  6 bats
  A giant gecko skeleton (D:5)
  A giant gecko zombie (D:6)
  4 giant newts
  3 hobgoblin zombies (Ossuary)
  3 jackals (D:4)
  10 kobolds
  5 kobold zombies (Ossuary)
  3 orc zombies (Ossuary)
  5 rats
220 creatures vanquished.

Vanquished Creatures (others)
  A hound (D:5)
  3 orcs (D:5)
  A giant cockroach (D:5)
5 creatures vanquished.

Grand Total: 225 creatures vanquished

Notes
Turn   | Place    | Note
--------------------------------------------------------------
     0 | D:1      | mrath the Minotaur Fighter began the quest for the Orb.
     0 | D:1      | Reached XP level 1. HP: 19/19 MP: 0/0
   535 | D:1      | Reached XP level 2. HP: 26/26 MP: 1/1
  1002 | D:2      | Reached skill level 4 in Axes
  1141 | D:2      | Reached XP level 3. HP: 26/31 MP: 2/2
  1551 | D:2      | Found a stormy altar of Qazlal.
  1597 | D:2      | Reached skill level 5 in Axes
  2158 | D:3      | Reached XP level 4. HP: 39/39 MP: 3/3
  2266 | D:3      | Found a faded altar to an unknown god.
  2268 | D:3      | Noticed Jessica
  2275 | D:3      | Killed Jessica
  2590 | D:3      | Found an opulent altar of Gozag.
  2663 | D:3      | Reached skill level 6 in Axes
  2995 | D:3      | Reached XP level 5. HP: 45/45 MP: 4/4
  3196 | D:4      | Found a radiant altar of Vehumet.
  3321 | D:4      | Found a basalt altar of Yredelemnul.
  3457 | D:4      | Found an iron altar of Okawaru.
  3466 | D:4      | Became a worshipper of Warmaster Okawaru
  3491 | D:4      | Noticed an ogre
  3503 | D:4      | Killed an ogre
  3503 | D:4      | Reached skill level 7 in Axes
  3503 | D:4      | Reached XP level 6. HP: 9/51 MP: 5/5
  3905 | D:4      | Noticed an ogre
  3912 | D:4      | Killed an ogre
  4029 | D:3      | Noticed a sky beast
  4038 | D:3      | Killed a sky beast
  4038 | D:3      | Reached skill level 1 in Throwing
  4038 | D:3      | Reached skill level 1 in Dodging
  4038 | D:3      | Reached skill level 1 in Invocations
  4115 | D:4      | Found a shadowy altar of Dithmenos.
  4182 | D:4      | Acquired Okawaru's first power
  4259 | D:4      | Reached XP level 7. HP: 59/59 MP: 6/6
  4453 | D:4      | Found a staircase to the Ecumenical Temple.
  4804 | D:5      | Entered Level 5 of the Dungeon
  4936 | D:5      | Reached skill level 8 in Axes
  5142 | D:5      | Found Jethrafu's Antique Armour Shop.
  6026 | D:5      | Reached XP level 8. HP: 67/67 MP: 8/8
  6060 | D:5      | Noticed Pikel
  6096 | D:5      | Killed Pikel
  6096 | D:5      | Reached skill level 5 in Fighting
  6096 | D:5      | Reached skill level 5 in Armour
  6096 | D:5      | Reached skill level 5 in Shields
  6275 | D:6      | Noticed a manticore
  6293 | D:6      | Killed a manticore
  6293 | D:6      | Reached XP level 9. HP: 30/75 MP: 7/10
  6518 | D:6      | Noticed a hill giant
  6709 | D:6      | Found Tient's Tempting Trifles.
  6723 | D:6      | Reached skill level 9 in Axes
  7799 | D:6      | Killed a hill giant
  7915 | D:6      | Noticed a hill giant
  7927 | D:6      | Killed a hill giant
  7927 | D:6      | Reached skill level 5 in Dodging
  8678 | D:7      | Reached XP level 10. HP: 84/84 MP: 12/12
  8699 | D:7      | Found Vara Decy's Magic Scroll Shop.
  8755 | D:7      | Noticed Menkaure
  8770 | D:7      | Killed Menkaure
  9020 | D:7      | Noticed Urgaas's ghost (experienced DrBe)
  9450 | D:7      | Found an iron altar of Okawaru.
  9468 | D:7      | Killed Urgaas's ghost
  9468 | D:7      | Reached skill level 10 in Axes
  9468 | D:7      | Reached skill level 5 in Throwing
  9468 | D:7      | Reached skill level 5 in Invocations
  9966 | D:8      | Found a sand-covered staircase.
 10315 | Ossuary  | Entered an ossuary
 10969 | D:8      | Received a gift from Okawaru
 11712 | D:8      | Cast into the Abyss (gnoll sergeant)
 11835 | Abyss:1  | Noticed a bone dragon
 11851 | Abyss:1  | HP: 3/88 [bone dragon (5)]
 11852 | Abyss:1  | Slain by a bone dragon

Vault maps used:
D:1:      tarquinn_simple_flora_water_f
D:2:      old_standard_altar
D:3:      lemuel_crystal_altar, ecumenical_altar_2, uniq_jessica
D:4:      okawaru_altar_gauntlet_db, kennysheep_mini_moat, lemuel_crystal_altar,
          nicolae_dithmenos_the_darkroom, minmay_temple_entry_statues_fountains,
          first_bread
D:5:      serial_shops, nicolae_shop_trees, uniq_pikel
D:6:      hangedman_cross_stitches, nicolae_alphabet_shops
D:7:      basic_altar, serial_shops, nicolae_shop_trees, uniq_menkaure
D:8:      enter_ossuary_3, blue_anna_alchemist
Ossuary:  ossuary_tomb_2

Action                   |  1- 3 |  4- 6 |  7- 9 | 10-12 || total
-------------------------+-------+-------+-------+-------++-------
Melee: War axe           |    75 |    93 |   227 |   210 ||   605
       Whip              |       |       |       |    27 ||    27
 Fire: Blowgun           |     2 |    23 |    58 |    52 ||   135
Throw: Stone             |     6 |       |    11 |       ||    17
       Tomahawk          |       |       |       |     5 ||     5
Invok: Heroism           |       |       |     5 |     6 ||    11
  Use: Scroll            |     3 |     1 |     6 |     5 ||    15
       Potion            |       |       |       |     7 ||     7
  Eat: Chunk             |     4 |     4 |    11 |     5 ||    24
       Beef jerky        |       |     1 |       |       ||     1
       Pizza             |       |     1 |     1 |       ||     2
       Fruit             |       |       |     1 |     2 ||     3
       Bread ration      |       |       |       |     2 ||     2
       Royal jelly       |       |       |       |     1 ||     1
